 Dungeon Crawl Stone Soup version 0.20.1-1-g8b1a95d (webtiles) character file.

1942 Lanoc the Slinger (level 9, -13/67 HPs)
             Began as a Halfling Hunter on Nov 23, 2017.
             Mangled by a manticore (18 damage)
             ... on level 7 of the Dungeon.
             The game lasted 00:32:57 (5217 turns).

Lanoc the Slinger (Halfling Hunter)                 Turns: 5217, Time: 00:32:58

Health: -13/67     AC: 16    Str: 14    XL:     9   Next: 41%
Magic:  0/9        EV: 13    Int:  9    God:    Xom [...*..]
Gold:   364        SH:  0    Dex: 17    Spells: 8/8 levels left

rFire    . . .     SeeInvis .   a - +1 hunting sling
rCold    . . .     Gourm    .   (shield restricted)
rNeg     . . .     Faith    .   c - +7 scale mail of the Lumpy Continents {Stlth+}
rPois    .         Spirit   +   (no helmet)
rElec    .         Reflect  .   (no cloak)
rCorr    .         Harm     .   (no gloves)
MR       .....                  w - +1 pair of boots
Stlth    +.........             J - amulet of guardian spirit
Regen    0.3/turn               (no ring)
MPRegen  0.2/turn               (no ring)

@: barbed spikes, glowing
A: mutation resistance 1, robust 1
a: Renounce Religion


You were on level 7 of the Dungeon.
You worshipped Xom.
You were a favourite toy of Xom.
You were not hungry.

You visited 1 branch of the dungeon, and saw 7 of its levels.

You collected 400 gold pieces.
You spent 36 gold pieces at shops.

Inventory:

Hand Weapons
 a - a +1 hunting sling (weapon)
 e - a +2 short sword of electrocution
 C - a +0 vampiric hand axe
 E - a +0 dagger of venom
Missiles
 i - 73 stones (quivered)
 t - 2 exploding tomahawks
Armour
 c - the +7 scale mail of the Lumpy Continents (worn) {Stlth+}
   (Xom gifted it to you on level 5 of the Dungeon)

   It makes you more stealthy.
 w - a +1 pair of boots (worn)
 A - a +1 robe of magic resistance
 D - a cursed -1 robe
Magical Staves
 q - an uncursed staff of earth {unknown}
Jewellery
 J - an amulet of guardian spirit (around neck)
Scrolls
 b - a scroll of silence
 d - a scroll of noise {unknown}
 h - a scroll of enchant armour {unknown}
 j - a scroll of enchant weapon {unknown}
 n - a scroll of remove curse {unknown}
 o - a scroll of fog {unknown}
 r - a scroll of magic mapping
 v - 4 scrolls of identify
 y - a scroll of teleportation {unknown}
 z - 2 scrolls of immolation {unknown}
 B - a scroll of amnesia
 G - a scroll of brand weapon {unknown}
 I - a scroll of fear {unknown}
Potions
 l - 3 potions of mutation {unknown}
 p - 2 potions of degeneration {unknown}
 s - a potion of brilliance {unknown}
 x - 2 potions of haste {unknown}
 H - a potion of lignification {unknown}
Books
 F - a book of Necromancy

   Spells                             Type                      Level
   a - Pain                           Necromancy                   1
   b - Animate Skeleton               Necromancy                   1
   c - Vampiric Draining              Necromancy                   3
   d - Regeneration                   Charms/Necromancy            3
   e - Animate Dead                   Necromancy                   4
   f - Control Undead                 Necromancy                   4
 K - a book of Air

   Spells                             Type                      Level
   a - Shock                          Conjuration/Air              1
   b - Swiftness                      Charms/Air                   2
   c - Static Discharge               Conjuration/Air              3
   d - Airstrike                      Air                          4
   e - Lightning Bolt                 Conjuration/Air              5
Comestibles
 f - 7 bread rations
 k - 3 royal jellies
 m - 4 meat rations
 u - 5 fruits
 L - 4 chunks of flesh


   Skills:
 + Level 5.5 Fighting
 + Level 13.3 Slings
 + Level 4.0 Armour
 + Level 3.3 Dodging
 + Level 2.0 Stealth


You had 8 spell levels left.
You didn't know any spells.

Dungeon Overview and Level Annotations

Branches:
Dungeon (7/15)
 Temple: D:4-7

Altars:
Xom

Shops:
D:4 [   D:5 !


Innate Abilities, Weirdness & Mutations

You are small and have problems with some larger weapons.
You are somewhat resistant to further mutation.
You are robust. (+10% HP)


Message History

The manticore is almost dead.
The adder zombie bites you but does no damage.
The manticore completely misses you. The manticore closely misses you.
The manticore claws you but does no damage.
Firing (i - inventory. (,) - cycle):
i - 75 stones (quivered)
Press: ? - help, Shift-Dir - straight line, f/p - manticore
Aim: a manticore (almost dead)
You shoot a stone.
The stone hits the manticore but does no damage.
The manticore is almost dead.
Xom opens a gate.
The adder zombie closely misses you.
Firing (i - inventory. (,) - cycle):
i - 74 stones (quivered)
Press: ? - help, Shift-Dir - straight line, f/p - manticore
Aim: a manticore (almost dead)
You shoot a stone. The stone hits the manticore.
The manticore is almost dead.
The manticore bites you!!
You die...
Xom laughs nastily!

#..# #.. #.#######
#<......# #
##.####.#.#
#.##.#.#.#
#..()#...# .
#.#####).<####....
#.........@Z5((..(
#.##..#####H(..(..
##+ ....[..
..†.... ...(.>.
....(.. ....(..
......(


You could see a manticore, an adder zombie and a friendly white imp.

Vanquished Creatures
  Grinder (D:5)
  A yak (D:6)
  3 ice beasts (D:5)
  An ogre (D:5)
  2 centaurs (D:5)
  3 bullfrogs (D:6)
  3 wights (D:5)
  2 crimson imps (D:6)
  A bullfrog zombie (D:6)
  2 jellies
  An orc priest (D:4)
  2 hounds
  6 orc wizards
  An iguana (D:6)
  2 worker ants
  A hound zombie (D:6)
  4 gnolls (D:6)
  6 adders
  A river rat (D:7)
  A shadow imp (D:6)
  2 oozes
  3 worms
  3 dart slugs
  6 leopard geckos
  9 orcs
  A ball python (D:4)
  8 bats
  9 giant cockroaches
  21 goblins
  10 hobgoblins
  6 jackals
  4 quokkas
  6 frilled lizards
  6 kobolds
  7 rats
145 creatures vanquished.

Vanquished Creatures (collateral kills)
  2 ogres
  A frilled lizard (D:4)
  A quokka skeleton (D:4)
4 creatures vanquished.

Grand Total: 149 creatures vanquished

Notes
Turn   | Place    | Note
-------+----------+-------------------------------------------
     0 | D:1      | Lanoc the Halfling Hunter began the quest for the Orb.
     0 | D:1      | Reached XP level 1. HP: 14/14 MP: 1/1
    64 | D:1      | Reached skill level 6 in Slings
   110 | D:1      | Reached XP level 2. HP: 19/19 MP: 2/2
   186 | D:1      | Reached XP level 3. HP: 24/24 MP: 3/3
   311 | D:1      | Found a shimmering altar of Xom.
   321 | D:1      | Became a worshipper of Xom of Chaos
   331 | D:1      | Reached skill level 7 in Slings
   973 | D:2      | Reached XP level 4. HP: 29/29 MP: 4/4
  1012 | D:2      | XOM: harmless Summ miscast
  1273 | D:2      | XOM is BORED!
  1273 | D:2      | XOM: silly message
  1832 | D:3      | Reached XP level 5. HP: 35/35 MP: 5/5
  1978 | D:3      | Reached skill level 8 in Slings
  2283 | D:3      | Reached skill level 1 in Armour
  2306 | D:3      | XOM is BORED!
  2306 | D:3      | XOM: mild Conj miscast
  2322 | D:3      | XOM: give mutation
  2322 | D:3      | Gained mutation: You are robust. (+10% HP) [Xom's grace]
  2633 | D:4      | Noticed an ogre
  2640 | D:4      | XOM: summons 5 friendly demons
  2641 | D:4      | Killed an ogre
  2641 | D:4      | Reached XP level 6. HP: 45/45 MP: 6/6
  2859 | D:4      | Reached skill level 9 in Slings
  2865 | D:4      | XOM: god gift: book of Maledictions
  2969 | D:4      | Found Hydalece's Antique Armour Boutique.
  3040 | D:4      | XOM: divination: detect creatures
  3339 | D:5      | Entered Level 5 of the Dungeon
  3339 | D:5      | Found Cireles's Distillery.
  3344 | D:5      | Bought a potion of curing for 36 gold pieces
  3344 | D:5      | Noticed an ice beast
  3360 | D:5      | Killed an ice beast
  3360 | D:5      | Reached skill level 10 in Slings
  3360 | D:5      | Reached XP level 7. HP: 26/49 MP: 7/7
  3371 | D:5      | XOM: god gift: scroll labeled SACHONL QANTU {god gift}
  3376 | D:5      | XOM: god gift: dazzling scale mail {god gift}
  3377 | D:5      | Got a dazzling scale mail {god gift}
  3388 | D:5      | Identified the +7 scale mail of the Lumpy Continents {Stlth+} (Xom gifted it to you on level 5 of the Dungeon)
  3486 | D:5      | XOM: god gift: scroll labeled EXEARH EJIDI {god gift}
  3734 | D:5      | Noticed Grinder
  3738 | D:5      | XOM: cast spell 'Leda's Liquefaction'
  3762 | D:5      | XOM: confusion (+ monsters)
  3762 | D:5      | Reached skill level 11 in Slings
  3770 | D:5      | XOM: fog
  3775 | D:5      | XOM: summons friendly white imp
  3777 | D:5      | Reached XP level 8. HP: 35/57 MP: 8/8
  3827 | D:5      | XOM: polymorph white imp -> quasit
  3828 | D:5      | Paralysed by Grinder for 2 turns
  3831 | D:5      | Killed Grinder
  4139 | D:5      | Reached skill level 12 in Slings
  4234 | D:5      | XOM: divination: detect items
  4236 | D:5      | XOM: scenery: create altars
  4522 | D:6      | Reached XP level 9. HP: 64/64 MP: 9/9
  4669 | D:6      | Reached skill level 5 in Fighting
  4798 | D:6      | Reached skill level 13 in Slings
  4864 | D:6      | XOM: noise
  5146 | D:7      | XOM: polymorph orc -> river rat
  5182 | D:7      | Noticed a manticore
  5190 | D:7      | XOM: mild Chrm miscast
  5216 | D:7      | XOM: summons friendly white imp
  5217 | D:7      | Mangled by a manticore

Skill      XL: |  1  2  3  4  5  6  7  8  9 |
---------------+----------------------------+-----
Slings         | 6 7 8 10 11 12 13 | 13.3
Fighting       | 2 3 4 5 |  5.5
Armour         | 1 2 3 4 |  4.0
Dodging        | 3 |  3.3
Stealth        | 2 |  2.0

Action                   |  1- 3 |  4- 6 |  7- 9 || total
-------------------------+-------+-------+-------++-------
 Fire: Hunting sling     |    75 |   199 |   277 ||   551
  Use: Scroll            |       |       |     3 ||     3
       Potion            |       |       |     4 ||     4
  Eat: Chunk             |       |     7 |     3 ||    10
       Bread ration      |       |       |     1 ||     1
Armor: Leather armour    |     5 |     4 |       ||     9
       Robe              |       |     1 |       ||     1
       Scale mail        |       |       |    50 ||    50
Dodge: Dodged            |    12 |    36 |    61 ||   109
